 Dungeon Crawl Stone Soup version 0.31-a0-702-gf82c85558f (webtiles) character file.

Game seed: 7414480808301976738

1045 qw the Skirmisher (level 8, -5/50 HPs)
             Began as a Gargoyle Hunter on Sept 8, 2023.
             Slain by an ice beast (6 damage)
             ... on level 6 of the Dungeon.
             The game lasted 00:01:33 (4407 turns).

qw the Skirmisher (Gargoyle Hunter)                 Turns: 4407, Time: 00:01:34

Health: -5/50      AC: 12    Str: 14    XL:     8   Next: 25%
Magic:  8/8        EV: 11    Int: 11    God:
Gold:   242        SH:  0    Dex: 15    Spells: 7/7 levels left

rFire   . . .        Y - +0 shortbow
rCold   . . .        (shield currently unavailable)
rNeg    + . .        d - +0 ring mail
rPois   inf          k - +0 helmet
rElec   +            (no cloak)
rCorr   .            (no gloves)
SInv    +            (no boots)
Will    .....        (no amulet)
Stlth   +            f - ring of see invisible
HPRegen 0.28/turn    (no ring)
MPRegen 0.11/turn

%: no passive effects
@: about to teleport
A: sickness immunity, AC +5, negative energy resistance 1, electricity
resistance, torment resistance 1, petrification resistance
a: no special abilities


You were on level 6 of the Dungeon.
You visited 2 branches of the dungeon, and saw 7 of its levels.

You collected 292 gold pieces.
You spent 50 gold pieces at shops.


Innate Abilities, Weirdness & Mutations

You are immune to sickness and miasma.
Your stone body is resilient. (AC +5)
You are immune to poison.
You resist negative energy. (rN+)
You are resistant to electric shocks. (rElec)
You are resistant to unholy torment.
You are immune to petrification.


   Skills:
 - Level 5.4 Fighting
 + Level 8.5 Ranged Weapons
 - Level 2.4 Armour
 - Level 2.3 Dodging
 - Level 1.1 Stealth


You had 7 spell levels left.
You didn't know any spells.
Your spell library was empty.

Inventory:

Hand Weapons
 Y - a +0 shortbow (weapon)
Armour
 d - a +0 ring mail (worn)
 k - a +0 helmet (worn)
Jewellery
 f - a ring of see invisible (left hand)
 h - a ring of fire
Scrolls
 a - a scroll of identify
 b - 2 scrolls of teleportation
Potions
 e - a potion of cancellation
 g - a potion of heal wounds
 i - 2 potions of curing
 j - a potion of enlightenment

Dungeon Overview and Level Annotations

Branches:
Dungeon (6/15)             Temple (1/1) D:5

Altars:
Ashenzari
Cheibriados
Kikubaaqudgha
Makhleb
Nemelex Xobeh
Qazlal
Ru
Sif Muna
Uskayaw
Vehumet
Xom
Yredelemnul
The Shining One

Shops:
D:3 *

Annotations:
D:2 1 runed translucent door, Crazy Yiuf


Message History

You shoot an arrow.
The arrow closely misses the kobold brigand.
The arrow closely misses the kobold.
The arrow hits the ice beast but does no damage.
The ice beast hits you but does no damage.
The kobold brigand hits you but does no damage.
You shoot an arrow. The arrow hits the kobold brigand.
The kobold brigand is severely wounded.
The ice beast misses you. The kobold brigand closely misses you.
You shoot an arrow.
The arrow closely misses the kobold brigand.
The arrow barely misses the kobold.
The ice beast hits you but does no damage.
The kobold brigand hits you but does no damage.
You shoot an arrow. The arrow misses the kobold brigand.
The arrow closely misses the kobold.
The ice beast barely misses you.
The kobold brigand hits you but does no damage.
You shoot an arrow. The arrow hits the kobold brigand!
You kill the kobold brigand!
The ice beast hits you. The ice beast freezes you!
You shoot an arrow.
The arrow hits the ice beast but does no damage.
The ice beast is moderately wounded.
The ice beast hits you. The ice beast freezes you! The ice beast misses you.
You shoot an arrow. The arrow hits the ice beast.
The ice beast is moderately wounded.
The ice beast barely misses you. x2
You shoot an arrow. The arrow hits the ice beast.
The ice beast is moderately wounded.
The ice beast hits you but does no damage. x2
You shoot an arrow. The arrow barely misses the ice beast.
The ice beast barely misses you. The ice beast hits you.
The ice beast freezes you!
4407 ||| READING 3 scrolls of teleportation.
As you read the scroll of teleportation, it crumbles to dust.
You feel strangely unstable. The ice beast barely misses you.
The ice beast hits you. The ice beast freezes you.
You die...

......................
.#........:#..........
###........#..........
.#....##.#...........## ..
......####.#.......#..##$.
#.....###.................
.... #.......###........
... #..##.#..##!....... ..
#.. ###..@YK.......
#...###..#YK......#
.........##)....##
#......#.K.)....#
...#.####Y##....# #. #.
#..K.Y...<...
#....Y#.)....... .......
#.)...... ....... ........


You could see 2 ice beasts and 2 kobolds.

Vanquished Creatures
  Grinder (D:3)
  Edmund (D:4)
  A black bear (D:4)
  An ogre (D:5)
  2 phantoms
  A kobold brigand (D:6)
  A scorpion (D:4)
  A hound (D:6)
  A jelly (D:4)
  A sleepcap (D:4)
  Terence (D:2)
  An iguana (D:5)
  6 adders
  A white imp (D:5)
  2 ufetubi
  4 worms
  4 dart slugs
  An orc (D:6)
  6 ball pythons
  6 bats
  5 endoplasms
  A giant cockroach (D:4)
  6 goblins
  5 hobgoblins
  4 jackals (D:4)
  3 quokkas
  11 kobolds
  4 rats
82 creatures vanquished.

Notes
Turn   | Place    | Note
-------+----------+-------------------------------------------
     0 | D:1      | qw the Gargoyle Hunter began the quest for the Orb.
     0 | D:1      | Reached XP level 1. HP: 12/12 MP: 1/1
     0 | D:1      | 0 ||| qw: Version: 0.3-a-76-g4403597
     0 | D:1      | 0 ||| qw: Game counter: 1203
     0 | D:1      | 0 ||| qw: Melee chars always use a shield: true
     0 | D:1      | 0 ||| qw: God list: Okawaru
     0 | D:1      | 0 ||| qw: Allow faded altars: false
     0 | D:1      | 0 ||| qw: Do Orc after clearing Dungeon:15 true
     0 | D:1      | 0 ||| qw: Do second Lair branch before Depths: true
     0 | D:1      | 0 ||| qw: Lair rune preference: random
     0 | D:1      | 0 ||| qw: Goals: Normal
     0 | D:1      | 0 ||| PLANNING D:1-11
    51 | D:1      | 51 ||| DROPPING +3 sling.
    61 | D:1      | Reached XP level 2. HP: 16/17 MP: 2/2
   378 | D:1      | Reached XP level 3. HP: 21/21 MP: 3/3
   434 | D:1      | Reached skill level 5 in Ranged Weapons
   621 | D:1      | 621 ||| READING 3 scrolls labelled ROETADU YKUEDI.
   622 | D:1      | 622 ||| READING scroll labelled ONKA FIENOU.
   623 | D:1      | 623 ||| READING scroll labelled ASAHUNAMERAAPN.
   626 | D:1      | 626 ||| READING scroll labelled WAFEMM KADEF.
   627 | D:1      | 627 ||| READING 2 scrolls of identify.
   627 | D:1      | 627 ||| IDENTIFYING amethyst potion
   628 | D:1      | 628 ||| DROPPING scroll of butterflies.
   629 | D:1      | 629 ||| DROPPING potion of brilliance.
   748 | D:2      | Found a faded altar of an unknown god.
   825 | D:2      | Noticed Terence
   828 | D:2      | 828 ||| FLEEEEING.
   832 | D:2      | Killed Terence
   833 | D:2      | Reached skill level 3 in Fighting
   833 | D:2      | Reached XP level 4. HP: 23/28 MP: 4/4
   833 | D:2      | 833 ||| FLEEEEING.
   837 | D:2      | 837 ||| FLEEEEING.
  1409 | D:2      | Found a runed translucent door.
  1410 | D:2      | Noticed Crazy Yiuf
  1556 | D:2      | 1556 ||| UPGRADING to +0 ring mail.
  1566 | D:2      | 1566 ||| DROPPING +0 leather armour.
  1567 | D:2      | 1567 ||| READING 4 scrolls of identify.
  1567 | D:2      | 1567 ||| IDENTIFYING fuming clear potion
  1568 | D:2      | 1568 ||| READING 3 scrolls of identify.
  1568 | D:2      | 1568 ||| IDENTIFYING sedimented green potion
  1569 | D:2      | 1569 ||| READING 2 scrolls of identify.
  1569 | D:2      | 1569 ||| IDENTIFYING lumpy coppery potion
  1570 | D:2      | 1570 ||| DROPPING potion of attraction.
  1663 | D:3      | Found Ohuf's General Store.
  1677 | D:3      | 1677 ||| BUYING potion of curing (30 gold).
  1677 | D:3      | Bought a potion of curing for 30 gold pieces
  1677 | D:3      | 1677 ||| SHOPLISTING potion of enlightenment (50 gold, have
                  | 36).
  1677 | D:3      | 1677 ||| SHOPLISTING potion of heal wounds (50 gold, have
                  | 36).
  1677 | D:3      | 1677 ||| SHOPLISTING potion of resistance (100 gold, have
                  | 36).
  1677 | D:3      | 1677 ||| BUYING scroll of identify (20 gold).
  1677 | D:3      | Bought a scroll of identify for 20 gold pieces
  1826 | D:3      | Reached skill level 1 in Armour
  1938 | D:3      | Found a radiant altar of Vehumet.
  2090 | D:3      | Reached XP level 5. HP: 28/32 MP: 5/5
  2359 | D:3      | Found a broken altar of Ashenzari.
  2379 | D:3      | Noticed Grinder
  2398 | D:3      | Paralysed by Grinder for 3 turns
  2401 | D:3      | Killed Grinder
  2402 | D:3      | Reached skill level 7 in Ranged Weapons
  2402 | D:3      | Reached XP level 6. HP: 24/37 MP: 6/6
  2512 | D:3      | 2512 ||| UPGRADING to ring of see invisible.
  2513 | D:3      | 2513 ||| READING 2 scrolls of identify.
  2513 | D:3      | 2513 ||| IDENTIFYING fizzy white potion
  2514 | D:3      | 2514 ||| DROPPING potion of magic.
  2705 | D:4      | Found a stormy altar of Qazlal.
  2715 | D:4      | Noticed a black bear
  2726 | D:4      | Killed a black bear
  2823 | D:4      | Reached XP level 7. HP: 44/44 MP: 7/7
  3066 | D:4      | Noticed Edmund
  3078 | D:4      | Killed Edmund
  3248 | D:4      | Reached skill level 8 in Ranged Weapons
  3537 | D:4      | Found a glowing golden altar of the Shining One.
  3538 | D:4      | 3538 ||| READING scroll labelled DIDIASY UMUUR.
  3539 | D:4      | 3539 ||| READING 2 scrolls of identify.
  3539 | D:4      | 3539 ||| IDENTIFYING fuming sapphire potion
  3572 | D:5      | Entered Level 5 of the Dungeon
  3870 | D:5      | Found a staircase to the Ecumenical Temple.
  3871 | D:5      | 3871 ||| PLANNING TEMPLE
  3871 | D:5      | 3871 ||| READING scroll labelled PEURUZO PIDEGO.
  3883 | D:5      | Reached XP level 8. HP: 50/50 MP: 8/8
  3960 | Temple   | Entered the Ecumenical Temple
  3961 | Temple   | 3961 ||| PLANNING D:1-11
  4189 | D:5      | 4189 ||| UPGRADING to +0 helmet.
  4194 | D:5      | 4194 ||| READING scroll labelled FYSSUED OHIA.
  4195 | D:5      | 4195 ||| READING 2 scrolls of identify.
  4195 | D:5      | 4195 ||| IDENTIFYING fizzy purple potion
  4381 | D:6      | 4381 ||| Stepping ~*~*~tactically~*~*~ (outnumbered).
  4386 | D:6      | 4386 ||| Stepping ~*~*~tactically~*~*~ (outnumbered).
  4387 | D:6      | 4387 ||| Stepping ~*~*~tactically~*~*~ (retreating).
  4389 | D:6      | 4389 ||| Stepping ~*~*~tactically~*~*~ (retreating).
  4391 | D:6      | 4391 ||| Stepping ~*~*~tactically~*~*~ (retreating).
  4396 | D:6      | 4396 ||| Stepping ~*~*~tactically~*~*~ (retreating).
  4406 | D:6      | HP: 3/50 [ice beast (12)]
  4407 | D:6      | 4407 ||| READING 3 scrolls of teleportation.
  4407 | D:6      | HP: 1/50 [ice beast (2)]
  4407 | D:6      | Slain by an ice beast

Levels and vault maps discovered:
D:1:      minmay_arrival_radiant_lines, layout_loops_cross, serial_forest,
          infiniplex_forest_lined_3, infiniplex_forest_end_2,
          infiniplex_forest_lined_room_2, infiniplex_forest_diagonal,
          infiniplex_forest_end_3
D:2:      layout_basic, ebering_ecumenical_altar_mist, uniq_crazy_yiuf_cottage,
          uniq_terence
D:3:      layout_loops_corners, mainiacjoe_overflow_cross_hatched,
          mainiacjoe_overflow_six_doors_small, serial_shops, shop,
          grunt_decor_cap, uniq_grinder
D:4:      layout_loops_corners, amcnicky_altar_gilded, tso_oasis_becter,
          dreamdust_wishing_well, st_stairs_13, uniq_edmund
D:5:      layout_basic, minmay_temple_entry_sparse_star, hex_tiny,
          grunt_decor_junction
D:6:      layout_cave_pools, overflow_temple_1_default
Temple:   hellmonk_temple_beads

Skill      XL: |  1  2  3  4  5  6  7  8 |
---------------+-------------------------+-----
Ranged Weapons | 5 7 8 |  8.5
Fighting       | 3 4 5 |  5.4
Armour         | 1 2 |  2.4
Dodging        | 2 |  2.3
Stealth        | |  1.1

Action                     |  1- 3 |  4- 6 |  7- 9 || total
---------------------------+-------+-------+-------++-------
   Fire: Shortbow          |    80 |   122 |   160 ||   362
    Use: Scroll            |     5 |     4 |     6 ||    15
 Armour: Leather armour    |    22 |     2 |       ||    24
         Ring mail         |       |    33 |    86 ||   119
  Dodge: Dodged            |    12 |    29 |    54 ||    95

Table legend:
 A = Non-vault XP
 B = Vault XP
 C = Vault XP percentage of total XP
 D = Non-vault monster count
 E = Vault monster count
 F = Vault count percentage of total count
                 A         B        C        D         E       F
            +---------+---------+-------+---------+---------+-------
      Total |     983 |     511 |  34.2 |      77 |       5 |   6.1
            +---------+---------+-------+---------+---------+-------
        D:1 |      39 |       0 |   0.0 |      21 |       0 |   0.0
        D:2 |      46 |      36 |  43.9 |      15 |       1 |   6.2
        D:3 |      70 |     267 |  79.2 |      11 |       1 |   8.3
        D:4 |     291 |     208 |  41.7 |      16 |       3 |  15.8
        D:5 |     284 |       0 |   0.0 |       5 |       0 |   0.0
        D:6 |     253 |       0 |   0.0 |       9 |       0 |   0.0
            +---------+---------+-------+---------+---------+-------
